 Dungeon Crawl Stone Soup version 0.27.0-1-g7a089689b8 (webtiles) character file.

Game seed: 13487447948579474433

30 Spectrina the Magician (level 3, -1/22 HPs)
             Began as a Deep Elf Monk on Aug 7, 2021.
             Slain by a jackal (3 damage)
             ... on level 5 of the Dungeon.
             The game lasted 00:06:19 (622 turns).

Spectrina the Magician (Deep Elf Monk)               Turns: 622, Time: 00:06:19

Health: -1/22      AC:  2    Str:  8    XL:     3   Next: 5%
Magic:  10/10      EV: 13    Int: 15    God:
Gold:   34         SH:  0    Dex: 17    Spells: 9/9 levels left

rFire    . . .     SeeInvis .   a - +1 short sword (speed)
rCold    . . .     Faith    +   (no shield)
rNeg     . . .     Spirit   .   j - +0 robe
rPois    .         Reflect  .   (no helmet)
rElec    .         Harm     .   (no cloak)
rCorr    .         Rampage  .   (no gloves)
Will     .....                  (no boots)
Stlth    ++........             m - amulet of faith
HPRegen  0.07/turn              (no ring)
MPRegen  0.12/turn              (no ring)

@: no status effects
A: no striking features
a: no special abilities


You were on level 5 of the Dungeon.
You visited 1 branch of the dungeon, and saw 5 of its levels.

You collected 34 gold pieces.

Inventory:

Hand Weapons
 a - a +1 short sword of speed (weapon)
 b - a +0 dagger
 d - a +0 short sword
 i - a +0 hunting sling
Missiles
 c - 37 bolts
 e - 55 stones (quivered)
 h - 15 sling bullets
 k - 11 poisoned darts
Armour
 j - a +0 robe (worn)
Jewellery
 m - an amulet of faith (around neck)
Wands
 l - a wand of paralysis (11)
Scrolls
 f - 2 scrolls of vulnerability
 g - 2 scrolls of identify


   Skills:
 - Level 2.4 Fighting
 - Level 3.0 Short Blades
 - Level 3.6 Dodging
 - Level 2.4 Stealth
 + Level 3.7 Spellcasting


You had 9 spell levels left.
You didn't know any spells.
Your spell library was empty.

Dungeon Overview and Level Annotations

Branches:
Dungeon (5/15)
 Temple: D:4-7

Altars:
Hepliaklqana
Ru
Wu Jian

Annotations:
D:4 Dowan, Duvessa


Message History

The endoplasm quivers.
The jackal bites you.
The endoplasm hits you but does no damage.
The ball python hisses angrily.
You hit the endoplasm.
The endoplasm is severely wounded.
The jackal bites you but does no damage.
The endoplasm hits you. The jackal misses you.
Unknown command.
You barely miss the endoplasm.
The endoplasm is severely wounded.
The jackal bites you.
You hit the endoplasm.
You kill the endoplasm!
The jackal closely misses you.
The gnoll hits you from afar with a +0 halberd!
The jackal bites you but does no damage.
The jackal bites you.
There is a stone staircase leading down here.
The jackal bites you.
* * * LOW HITPOINT WARNING * * *
The jackal barely misses you.
Dowan mumbles some strange words.
Dowan blinks!
The gnoll hits you from afar with a +0 halberd.
* * * LOW HITPOINT WARNING * * *
The jackal bites you.
* * * LOW HITPOINT WARNING * * *
The orc wizard shouts!
You climb downwards.
Found 5 gold pieces.
There is a stone staircase leading up here.
Unknown command.
You barely miss the jackal. The jackal barely misses you. The jackal bites you.
* * * LOW HITPOINT WARNING * * *
You aren't carrying any potions.
You hit the jackal.
The jackal is moderately wounded.
The jackal bites you.
You die...

### #@#
#h.h..#
#$.#..#
####..#
...
####


You could see 2 jackals.

Vanquished Creatures
  An adder (D:2)
  2 bats
  3 endoplasms
  2 giant cockroaches
  A goblin (D:3)
  3 hobgoblins
  3 jackals (D:3)
  A ball python (D:1)
  A kobold (D:1)
  A rat (D:3)
18 creatures vanquished.

Notes
Turn   | Place    | Note
-------+----------+-------------------------------------------
     0 | D:1      | Spectrina the Deep Elf Monk began the quest for the Orb.
     0 | D:1      | Reached XP level 1. HP: 13/13 MP: 3/3
    71 | D:1      | Reached skill level 1 in Spellcasting
   144 | D:2      | Reached XP level 2. HP: 4/18 MP: 5/7
   230 | D:3      | Found a sacrificial altar of Ru.
   369 | D:5      | Entered Level 5 of the Dungeon
   419 | D:4      | Found an ornate altar of the Wu Jian Council.
   433 | D:4      | Reached XP level 3. HP: 17/22 MP: 10/10
   436 | D:4      | Found a hazy altar of Hepliaklqana.
   602 | D:4      | Noticed Dowan
   603 | D:4      | Noticed Duvessa
   622 | D:5      | Slain by a jackal

Illustrated notes

Levels and vault maps discovered:
D:1:      enne_arrival_octagon_isle, layout_rooms,
          shapermc_ecumenical_altar_mp_urbaneastern, hangedman_glass_teeth
D:2:      layout_basic
D:3:      layout_rooms, nicolae_overflow_crystal_walls,
          nicolae_vehumet_radiance, uniq_grinder
D:4:      lemuel_castle_with_subvaults [lemuel_castle_interior_carwin_3],
          layout_basic, mainiacjoe_overflow_six_doors_small,
          mainiacjoe_overflow_cross_hatched, nicolae_shop_clearance,
          uniq_duvessa
D:5:      layout_basic, mainiacjoe_overflow_surrounded_room,
          amethyst_overflow_temple_binary

Skill      XL: |  1  2 |
---------------+-------+-----
Spellcasting   | 2 3 |  3.7
Fighting       | |  2.4
Short Blades   | |  3.0
Dodging        | |  3.6
Stealth        | |  2.4

Action                   || total
-------------------------++-------
Melee: Short sword       ||    61
  Use: Scroll            ||     2
       Potion            ||     2
 Stab: Sleeping          ||     2
Armor: Robe              ||    13
Dodge: Dodged            ||    29
